 Dungeon Crawl Stone Soup version 0.28-a0-390-gb254ac4902 (webtiles) character file.

Game seed: 14853709884472587332

268463 Mesmaeker13 the Scorcher (level 19, -9/105 (112) HPs)
             Began as a Demonspawn Fire Elementalist on Sept 2, 2021.
             Was the Champion of Vehumet.
             Killed from afar by a frost giant (11 damage)
             ... with a bolt of cold
             ... while paralysed by a great orb of eyes
             ... on level 2 of the Depths on Sept 3, 2021.
             The game lasted 02:23:50 (56411 turns).

Mesmaeker13 the Scorcher (DsFE)                    Turns: 56411, Time: 02:23:50

HP:   -9/105 (112)  AC: 12    Str: 12    XL:     19   Next: 38%
MP:   33/33         EV:  2    Int: 27    God:    Vehumet [******]
Gold: 1093          SH:  0    Dex: 14    Spells: 1/38 levels left

rFire   + . .      SeeInvis .   h - staff of conjuration
rCold   + + .      Faith    .   m - +0 buckler
rNeg    . . .      Spirit   .   L - +0 acid dragon scales
rPois   +          Reflect  +   (helmet unavailable)
rElec   .          Harm     .   C - +0 cloak
rCorr   +          Rampage  .   M - +2 pair of gloves
Will    +....      Clarity  +   (boots unavailable)
Stlth   +.........              u - amulet of reflection
HPRegen 0.27/turn               t - ring of wizardry
MPRegen 0.23/turn               c - ring of Immorality {rPois rF+ rC++ Int+6 Stlth-}

@: paralysed, drained
A: claws 1, horns 3, talons 3, powered by death 3, spiny 3, clarity, screaming
1, wild magic 1
}: 2/15 runes: barnacled, gossamer
a: Renounce Religion


You were on level 2 of the Depths.
You worshipped Vehumet.
Vehumet was exalted by your worship.
You visited 7 branches of the dungeon, and saw 34 of its levels.
You also visited: Bailey.

You collected 5305 gold pieces.
You spent 4212 gold pieces at shops.

Inventory:

Hand Weapons
 N - the +7 Singing Sword {vorpal, sonic wave}
   (You took it off a centaur on level 3 of the Shoals)

   It inflicts extra damage upon your enemies.
   It radiates damaging sonic waves as it strikes, especially in combat
   involving dangerous or numerous foes.
Missiles
 J - 8 throwing nets
 P - 3 curare-tipped darts (quivered)
Armour
 m - a +0 buckler (worn)
 v - the +0 pair of gloves of the Realm of Zot {rF+ Str+3}
   (You found it on level 12 of the Dungeon)

   Str:       It affects your strength (+3).
   rF:        It protects you from fire.
 y - a +3 kite shield of protection
 C - a +0 cloak (worn)
 L - +0 acid dragon scales (worn)
 M - a +2 pair of gloves (worn)
Magical Staves
 h - a staff of conjuration (weapon)
Jewellery
 c - the ring of Immorality (right hand) {rPois rF+ rC++ Int+6 Stlth-}
   (You bought it in a shop on level 3 of the Dungeon)

   [ring of intelligence]

   Int:       It affects your intelligence (+6).
   rF:        It protects you from fire.
   rC:        It greatly protects you from cold.
   rPois:     It protects you from poison.
   Stlth:     It makes you less stealthy.
 f - a ring of flight
 g - a ring of willpower
 i - an amulet of the acrobat
 l - a ring of see invisible
 t - a ring of wizardry (left hand)
 u - an amulet of reflection (around neck)
 w - an amulet of magic regeneration
Wands
 K - a wand of digging (11)
Scrolls
 a - 2 scrolls of torment {unknown}
 b - 5 scrolls of teleportation
 n - a scroll of identify
 p - a scroll of silence
 s - 2 scrolls of fear {unknown}
 x - 4 scrolls of magic mapping
 z - 2 scrolls of blinking
 B - 4 scrolls of fog
 V - 5 scrolls of summoning
Potions
 d - 3 potions of lignification
 e - 5 potions of haste
 j - 8 potions of curing
 k - a potion of might
 o - 2 potions of heal wounds
 r - a potion of magic
 E - 2 potions of brilliance
 F - 4 potions of flight {unknown}
 G - a potion of berserk rage
 H - 3 potions of ambrosia
 O - a potion of resistance
 R - 6 potions of cancellation
Miscellaneous
 q - a phantom mirror


   Skills:
 - Level 8.1 Armour
 - Level 8.8 Dodging
 - Level 1.7 Stealth
 + Level 12.8 Shields
 - Level 10.4 Spellcasting
 - Level 13.7 Conjurations
 + Level 14.9 Summonings
 + Level 11.5 Translocations
 + Level 16.7 Fire Magic


You had one spell level left.
You knew the following spells:

 Your Spells              Type           Power      Damage    Failure   Level
a - Call Canine Familiar  Summ           89%        N/A       1%          3
b - Sticky Flame          Conj/Fire      100%       2d11      1%          4
c - Starburst             Conj/Fire      56%        6d15      1%          6
d - Fireball              Conj/Fire      56%        3d22      1%          5
e - Iskenderun's Mystic   Conj/Tloc      100%       2d19      1%          4
f - Ignition              Fire           47%        3d13      6%          8
g - Malign Gateway        Summ/Tloc      42%        N/A       12%         7

Your spell library contained the following spells:

 Spells                   Type           Power      Damage    Failure   Level
 Fire Storm               Conj/Fire      56%        8d14      71%         9
 Lehudib's Crystal Spear  Conj/Erth      39%        10d10     88%         8
 Chain Lightning          Conj/Air       39%        3d52      100%        9
 Apportation              Tloc           100%       N/A       1%          1
 Foxfire                  Conj/Fire      100%       2x1d9     1%          1
 Freeze                   Ice            72%        1d9       1%          1
 Magic Dart               Conj           100%       1d8       1%          1
 Shock                    Conj/Air       100%       1d9       1%          1
 Summon Small Mammal      Summ           100%       N/A       1%          1
 Animate Skeleton         Necr           36%        N/A       4%          1
 Corona                   Hex            20%        N/A       4%          1
 Pain                     Necr           72%        1d7       4%          1
 Blink                    Tloc           N/A        N/A       1%          2
 Call Imp                 Summ           89%        N/A       1%          2
 Scorch                   Fire           100%       2d10      1%          2
 Static Discharge         Conj/Air       79%        N/A       1%          2
 Conjure Flame            Conj/Fire      100%       6-21      1%          3
 Dazzling Flash           Conj/Hex       100%       N/A       1%          3
 Inner Flame              Hex/Fire       67%        N/A       1%          3
 Lesser Beckoning         Tloc           78%        N/A       1%          3
 Mephitic Cloud           Conj/Pois/Air  66%        N/A       1%          3
 Summon Guardian Golem    Hex/Summ       63%        N/A       1%          3
 Passage of Golubria      Tloc           N/A        N/A       1%          4
 Bolt of Magma            Conj/Fire/Erth 47%        4d19      1%          5
 Manifold Assault         Tloc           78%        N/A       1%          5
 Frozen Ramparts          Ice            36%        1d5       3%          3
 Ensorcelled Hibernation  Hex/Ice        36%        N/A       5%          2
 Sublimation of Blood     Necr           9%         N/A       5%          2
 Airstrike                Air            9%         N/A       9%          4
 Olgreb's Toxic Radiance  Pois           18%        N/A       9%          4
 Swiftness                Air            18%        N/A       10%         3
 Tukima's Dance           Hex            18%        N/A       10%         3
 Yara's Violent Unravell  Hex/Tmut       9%         3d6       21%         5
 Dispel Undead            Necr           18%        3d11      28%         4
 Leda's Liquefaction      Hex/Erth       9%         N/A       28%         4
 Summon Horrible Things   Summ           44%        N/A       38%         8
 Haunt                    Necr/Summ      31%        N/A       71%         7
 Statue Form              Tmut/Erth      12%        N/A       98%         6
 Ozocubu's Refrigeration  Ice            9%         4d6       98%         7
 Death's Door             Necr           9%         N/A       100%        9


Dungeon Overview and Level Annotations

Branches:
Dungeon (15/15)            Temple (1/1) D:7            Lair (6/6) D:11
 Shoals (4/4) Lair:2       Spider (4/4) Lair:3        Slime (0/5) Lair:6
    Orc (2/2) D:12            Elf (0/3) Orc:2        Vaults (0/5) D:14
 Depths (2/5) D:15         Bailey (visited)

Altars:
Ashenzari
Cheibriados
Dithmenos
Elyvilon
Fedhas
Gozag
Kikubaaqudgha
Makhleb
Nemelex Xobeh
Okawaru
Ru
Sif Muna
Trog
Uskayaw
Vehumet
Wu Jian
Xom
Yredelemnul
Zin
The Shining One
Beogh
Jiyva

Shops:
D:3 =?[[   D:5 *   D:6 =   D:11 :   Orc:2 [::?   Depths:1 :==

Portals:
Hell: Depths:1
Abyss: Depths:1

Annotations:
D:2 5 exclusions
D:3 2 runed translucent doors, anonymous's ghost, amateur NaFi
D:4 1 exclusion
D:7 2 transporters, DungeonMaster's ghost, novice DsWn
D:8 2 transporters, Gnu's ghost, novice MiHu
D:11 qborf's ghost, journeyman FoEE
Lair:6 1 runed translucent door
Spider:4 1 runed translucent door, Qyzxaef's ghost, journeyman DrTm; Roxanne
Orc:1 2 transporters, Nikola2751's ghost, journeyman GrFi


Innate Abilities, Weirdness & Mutations

You have sharp fingernails.
You have a pair of large horns on your head.
You have claws for feet.
You regenerate a lot of health from kills.
You are completely covered in sharp spines.
You possess an exceptional clarity of mind.
You occasionally shout uncontrollably at your foes.
Your spells are a little harder to cast, but a little more powerful.


Message History

You start resting.
HP restored.
You climb downwards.
The lich shouts!
The hell knight shouts!
The necromancer shouts!
The hell knight shouts!
The necromancer shouts!
The great orb of eyes turns its gaze towards you.
The hell knight shouts! x2; The frost giant shouts!
You hear a horrible gurgling sound!
The frost giant hits you with a +2 battleaxe of freezing!!
The frost giant freezes you. You block the necromancer's attack.
The hell knight points at you and mumbles some strange words.
The bolt of fire hits you! You resist.
The hell knight is struck by your spines.
The hell knight hits you with a +4 battleaxe of pain!
You writhe in agony.
The frost giant hits you with a +2 battleaxe of freezing.
The frost giant freezes you.
A fire dragon comes into view.
The necromancer casts a spell at you.
Your body is wracked with pain!
* * * LOW HITPOINT WARNING * * *
There is a stone staircase leading up, spattered with blood here.
Blink to where?
Press: ? - help, Dir - move target A frost giant comes into view.
It is wielding a +2 battleaxe of freezing.
As you read the scroll of blinking, it crumbles to dust.
The frost giant shouts!
The great orb of eyes gazes at you.
You suddenly lose the ability to move!
The frost giant is struck by your spines.
The frost giant hits you with a +2 battleaxe of freezing!!
* * * LOW HITPOINT WARNING * * *
The frost giant freezes you.
* * * LOW HITPOINT WARNING * * *
The eldritch tentacle writhes!
A rakshasa comes into view. It is wielding a +0 whip.
A glowing orange brain comes into view.
The frost giant points at you and mumbles some strange words.
The bolt of cold hits you! You resist.
You die...

P..#P.P.
.......
........
..###..
..P...u #..
#...Pu##...#
#..
#...#.##...#
#..
#.C...##...#
#.. #...#
#...# #..
#<.G####...#
#..
#...).@....#
#.....C....#
#..........#
#...####[p.#
#*..# #.G.#
#│..# #.CC#
#w∩.# #..p#
#######R..#
#.§.#
#.........#
#..p....D.


You could see 2 frost giants, a great orb of eyes, an ettin, a rakshasa, 2 hell
knights, a glowing orange brain and a neutral eldritch tentacle.

Vanquished Creatures
  Jorgrun (Shoals:2)
  A lich (Depths:1)
  A kraken (Shoals:4)
  Frances (D:14)
  Donald (Spider:3)
  An orc warlord (Orc:1)
  5 ghost moths
  2 frost giants
  9 emperor scorpions
  A very ugly thing (Depths:1)
  A stone giant (D:15)
  A war gargoyle (D:13)
  2 entropy weavers
  Nessos (D:13)
  2 spark wasps (Spider:4)
  2 eleionomae (Shoals:3)
  5 merfolk javelineers
  A fire dragon (Lair:6)
  An ettin (Depths:2)
  Josephine (D:13)
  11 merfolk impalers
  11 hydras
  A great orb of eyes (Depths:1)
  Erolcha (Orc:2)
  Harold (D:8)
  A rakshasa (Depths:1)
  8 vault guards (D:14)
  2 catoblepae
  5 boulder beetles
  4 ice dragons
  2 ogre magi (Orc:2)
  5 two-headed ogres
  5 merfolk avatars
  4 centaur warriors
  3 merfolk aquamancers (Shoals:4)
  5 tengu warriors
  3 deep troll shamans (Depths:1)
  4 satyrs
  9 death yaks
  Sonja (D:12)
  2 deep elf knights (D:12)
  2 iron trolls (Depths:1)
  Nergalle (Orc:2)
  A swamp dragon (Lair:6)
  Pikel (D:5)
  2 glowing orange brains
  16 sea snakes
  5 deep trolls (Depths:1)
  37 harpies
  2 lindwurms (Lair:6)
  2 orc knights
  3 deep elf pyromancers (Orc:1)
  An oklob plant (D:11)
  28 wolf spiders
  6 deep elf zephyrmancers (Orc:1)
  An orb spider (shapeshifter) (D:15)
  7 orc sorcerers (Orc:2)
  A moth of wrath (Spider:4)
  11 orb spiders
  24 ugly things
  6 cyclopes
  19 fauns
  3 elephants (Lair:6)
  18 manticores
  5 merfolk sirens
  6 black mambas
  10 water nymphs
  8 gargoyles (D:13)
  6 torpor snails
  Maurice (D:8)
  5 rime drakes
  12 cane toads
  Psyche (D:8)
  An unseen horror (D:12)
  3 tengu conjurers
  9 komodo dragons
  13 demonic crawlers
  A wind drake (Shoals:1)
  38 merfolk
  3 polar bears
  8 trolls
  17 hornets
  41 jumping spiders
  9 slime creatures
  A wolf spider simulacrum (D:14)
  3 meliai (D:14)
  3 tyrant leeches (Lair:6)
  9 snapping turtles
  28 blink frogs
  4 dream sheep (Lair:6)
  A centaur simulacrum (D:11)
  A vampire (D:9)
  3 water elementals
  35 yaks
  Sigmund (D:2)
  59 redbacks
  2 steam dragons (Lair:6)
  9 wraiths
  31 tarantellas
  9 basilisks
  A basilisk (shapeshifter) (D:11)
  14 wyverns
  Eustachio (D:6)
  2 vampire mosquitoes (D:13)
  10 wargs
  5 acid dragons
  Duvessa (D:7)
  33 orc warriors
  22 water moccasins
  2 swamp drakes (Lair:6)
  A sky beast (D:6)
  3 ice beasts (D:11)
  3 necrophages
  7 wolves
  5 ogres
  3 lemures (D:5)
  16 centaurs
  Blork the orc (D:4)
  14 bullfrogs
  A wyvern zombie (D:8)
  4 scorpions
  Dowan (D:7)
  A wyvern skeleton (D:6)
  5 killer bees
  3 electric eels
  A wight (D:8)
  6 howler monkeys
  2 bullfrog zombies
  5 centaur zombies
  10 orc priests
  2 gnoll shamans
  3 jellies (D:5)
  A centaur skeleton (D:6)
  Jessica (D:2)
  Natasha (thrice) (D:2)
  7 iguanas
  29 orc wizards
  14 hell rats
  A killer bee zombie (D:7)
  A mummy (D:3)
  A howler monkey skeleton (D:4)
  20 gnolls
  5 adders
  A shadow imp (D:5)
  6 white imps
  An ufetubus (D:5)
  An adder skeleton (D:5)
  3 worms
  A dart slug (D:1)
  82 orcs
  3 bats
  6 endoplasms
  7 giant cockroaches
  11 goblins
  5 hobgoblins
  5 jackals
  2 quokkas (D:1)
  4 ball pythons
  5 frilled lizards
  15 kobolds
  9 rats
  A tentacle (Shoals:4)
1160 creatures vanquished.

Vanquished Creatures (collateral kills)
  A ghost moth (Spider:4)
  An emperor scorpion (Spider:3)
  A fire dragon (Depths:1)
  2 hell knights (Depths:1)
  3 orb spiders (Spider:4)
  3 wolf spiders (Spider:4)
  4 ugly things
  5 demonic crawlers
  2 jumping spiders (Spider:4)
  A snapping turtle (Shoals:4)
  2 redbacks
  2 foxfires
27 creatures vanquished.

Vanquished Creatures (others)
  3 eldritch tentacles (Depths:1)
  A kobold brigand (D:9)
  A bush (Lair:6)
  857 foxfires
  55 fungi
  193 plants
  7 tentacles (Shoals:4)
1117 creatures vanquished.

Grand Total: 2304 creatures vanquished

Notes
Turn   | Place    | Note
-------+----------+-------------------------------------------
     0 | D:1      | Mesmaeker13 the Demonspawn Fire Elementalist began the
                  | quest for the Orb.
     0 | D:1      | Reached XP level 1. HP: 13/13 MP: 3/3
   133 | D:1      | Gained mutation: You are partially covered in sharp spines.
                  | [demonic ancestry]
   133 | D:1      | Reached XP level 2. HP: 19/19 MP: 3/5
   486 | D:1      | Reached skill level 3 in Fire Magic
  1014 | D:1      | Gained mutation: You are mostly covered in sharp spines.
                  | [demonic ancestry]
  1014 | D:1      | Reached XP level 3. HP: 24/24 MP: 4/6
  1549 | D:2      | Noticed Sigmund
  1755 | D:2      | Noticed Jessica
  1760 | D:2      | Killed Jessica
  1761 | D:2      | Reached XP level 4. HP: 30/30 MP: 4/8
  1848 | D:2      | Noticed Natasha
  1871 | D:2      | Killed Natasha
  1883 | D:2      | Noticed Natasha
  1889 | D:2      | Killed Natasha
  2003 | D:2      | Noticed Natasha
  2256 | D:2      | Killed Natasha
  2257 | D:2      | Gained mutation: You have a pair of small horns on your
                  | head. [demonic ancestry]
  2257 | D:2      | Reached XP level 5. HP: 35/35 MP: 5/9
  2297 | D:3      | Found a snail-covered altar of Cheibriados.
  2359 | D:3      | Learned a level 4 spell: Sticky Flame
  2438 | D:3      | Found Plog's Armour Emporium.
  2492 | D:3      | Found Wafoget's Antique Armour Boutique.
  2781 | D:3      | Found Surhup's Magic Scroll Shop.
  2899 | D:3      | Found a faded altar of an unknown god.
  2955 | D:3      | Found a large runed translucent door.
  2957 | D:3      | Found a large runed translucent door.
  2957 | D:3      | Noticed anonymous's ghost (amateur NaFi)
  3195 | D:3      | Found Vefumihiki's Jewellery Boutique.
  3466 | D:4      | Identified a scroll of acquirement
  3468 | D:4      | Acquired 917 gold pieces
  3531 | D:3      | Bought a pair of runed boots for 157 gold pieces
  3538 | D:3      | Bought a buckler for 94 gold pieces
  3564 | D:3      | Learned a level 2 spell: Scorch
  3568 | D:4      | Noticed Blork the orc
  3692 | D:4      | Gained mutation: You regenerate a little health from kills.
                  | [demonic ancestry]
  3692 | D:4      | Reached XP level 6. HP: 41/41 MP: 6/11
  3764 | D:4      | Found a shimmering altar of Xom.
  3841 | D:4      | Reached skill level 1 in Shields
  3874 | D:4      | Killed Blork the orc
  3875 | D:4      | Reached skill level 4 in Fire Magic
  4157 | D:4      | Gained mutation: You have sharp toenails. [demonic
                  | ancestry]
  4157 | D:4      | Reached XP level 7. HP: 46/46 MP: 1/12
  4647 | D:5      | Entered Level 5 of the Dungeon
  4939 | D:5      | Found Iyicon's Incredible Inventory.
  5457 | D:5      | Noticed Pikel
  5486 | D:5      | Killed Pikel
  5487 | D:5      | Reached skill level 5 in Spellcasting
  5487 | D:5      | Reached skill level 5 in Fire Magic
  5487 | D:5      | Reached XP level 8. HP: 30/52 MP: 5/15
  5690 | D:5      | Found a sparkling altar of Nemelex Xobeh.
  5690 | D:5      | Found an iron altar of Okawaru.
  5760 | D:5      | Reached skill level 5 in Conjurations
  6170 | D:2      | Killed Sigmund
  6328 | D:6      | Noticed Eustachio
  6680 | D:4      | Found a burning altar of Makhleb.
  7067 | D:6      | Killed Eustachio
  7552 | D:6      | Reached skill level 6 in Fire Magic
  7626 | D:6      | Gained mutation: You have a pair of horns on your head.
                  | [demonic ancestry]
  7626 | D:6      | Reached XP level 9. HP: 51/57 MP: 14/17
  7798 | D:6      | Found Zomne's Jewellery Emporium.
  8671 | D:7      | Noticed Duvessa
  8672 | D:7      | Noticed Dowan
  8783 | D:7      | Learned a level 5 spell: Fireball
  8822 | D:7      | Found a broken altar of Ashenzari.
  8872 | D:7      | Found a staircase to the Ecumenical Temple.
  8881 | Temple   | Entered the Ecumenical Temple
  9039 | Temple   | Became a worshipper of Vehumet
  9212 | D:7      | Found a transporter.
  9212 | D:7      | Noticed DungeonMaster's ghost (novice DsWn)
  9212 | D:7      | Noticed a troll
  9226 | D:7      | Found a transporter.
  9314 | D:7      | Killed Duvessa
  9404 | D:7      | Killed Dowan
  9470 | D:7      | Found a blossoming altar of Fedhas.
  9518 | D:8      | Noticed Psyche
  9624 | D:8      | Noticed a two-headed ogre
  9643 | D:8      | Killed a two-headed ogre
  9811 | D:8      | Killed Psyche
  9812 | D:8      | Reached skill level 5 in Dodging
  9812 | D:8      | Reached skill level 7 in Fire Magic
  9906 | D:8      | Found a transporter.
  9908 | D:8      | Found a transporter.
  9909 | D:8      | Noticed Gnu's ghost (novice MiHu)
 10080 | D:8      | Noticed Harold
 10098 | D:8      | Gained mutation: You are completely covered in sharp
                  | spines. [demonic ancestry]
 10098 | D:8      | Reached XP level 10. HP: 63/63 MP: 12/20
 10115 | D:8      | Killed Harold
 10228 | D:8      | Noticed Maurice
 10249 | D:8      | Killed Maurice
 10317 | D:8      | Found an opulent altar of Gozag.
 10764 | D:9      | Reached * piety under Vehumet
 10764 | D:9      | Offered knowledge of Sandblast by Vehumet.
 10774 | D:9      | Learned a level 4 spell: Iskenderun's Mystic Blast
 11250 | D:9      | Noticed a two-headed ogre
 11261 | D:9      | Killed a two-headed ogre
 11262 | D:9      | Reached skill level 1 in Translocations
 11262 | D:9      | Reached skill level 8 in Fire Magic
 11985 | D:9      | Noticed a two-headed ogre
 11996 | D:9      | Killed a two-headed ogre
 12323 | D:9      | Gained mutation: You have razor-sharp toenails. [demonic
                  | ancestry]
 12323 | D:9      | Reached XP level 11. HP: 68/68 MP: 15/22
 12494 | D:10     | Entered Level 10 of the Dungeon
 13542 | D:11     | Found a runed translucent gate.
 13542 | D:11     | Found a runed translucent gate.
 13542 | D:11     | Found a runed translucent gate.
 13865 | D:11     | Found a flagged portal.
 13870 | Bailey   | Entered a bailey
 13895 | Bailey   | Offered knowledge of Searing Ray by Vehumet.
 13896 | Bailey   | Reached ** piety under Vehumet
 14240 | Bailey   | Found an iron altar of Okawaru.
 14406 | D:11     | Reached skill level 1 in Armour
 14647 | D:11     | Noticed an oklob plant
 14664 | D:11     | Found a staircase to the Lair.
 14689 | D:11     | Found Nevau's Self-Improvement Boutique.
 14952 | D:11     | Noticed qborf's ghost (journeyman FoEE)
 15876 | D:3      | Bought the ring of Immorality {rPois rF+ rC++ Int+6 Stlth-}
                  | for 1299 gold pieces
 16339 | D:11     | Killed an oklob plant
 16340 | D:11     | Reached skill level 9 in Fire Magic
 16444 | Lair:1   | Entered Level 1 of the Lair of Beasts
 16970 | Lair:1   | Offered knowledge of Static Discharge by Vehumet.
 17031 | Lair:1   | Reached skill level 5 in Translocations
 17480 | Lair:2   | Noticed a six-headed hydra
 17610 | Lair:2   | Reached *** piety under Vehumet
 17755 | Lair:2   | Gained mutation: You regenerate health from kills. [demonic
                  | ancestry]
 17755 | Lair:2   | Reached XP level 12. HP: 73/74 MP: 11/23
 17885 | Lair:2   | Reached skill level 10 in Conjurations
 18175 | Lair:2   | Found a staircase to the Shoals.
 18303 | Lair:2   | Killed a six-headed hydra
 18390 | Lair:2   | Offered knowledge of Ignite Poison by Vehumet.
 18970 | Lair:3   | Noticed a six-headed hydra
 18996 | Lair:3   | Killed a six-headed hydra
 18997 | Lair:3   | Reached skill level 10 in Fire Magic
 19109 | Lair:3   | Identified the amulet of Henotheism {Faith rPois rF- rCorr
                  | Int+3}
 19145 | Lair:3   | Reached skill level 5 in Armour
 19181 | Lair:3   | Noticed a boulder beetle
 19193 | Lair:3   | Killed a boulder beetle
 19388 | Lair:3   | Found a hole to the Spider Nest.
 19394 | Lair:3   | Reached **** piety under Vehumet
 19415 | Lair:3   | Offered knowledge of Stone Arrow by Vehumet.
 19437 | Lair:3   | Noticed a death yak
 19532 | Lair:3   | Noticed a death yak
 19541 | Lair:3   | Killed a death yak
 19550 | Lair:3   | Killed a death yak
 20617 | Lair:4   | Noticed a seven-headed hydra
 20621 | Lair:4   | Reached XP level 13. HP: 79/79 MP: 16/24
 20731 | Lair:4   | Reached ***** piety under Vehumet
 20731 | Lair:4   | Offered knowledge of Iron Shot by Vehumet.
 21092 | Lair:4   | Reached skill level 11 in Fire Magic
 22728 | Lair:6   | Entered Level 6 of the Lair of Beasts
 22869 | Lair:6   | Found a gate leading to a gauntlet.
 24072 | Lair:5   | Gained mutation: You have a pair of large horns on your
                  | head. [demonic ancestry]
 24072 | Lair:5   | Reached XP level 14. HP: 71/85 MP: 10/25
 24707 | Lair:6   | Found a staircase to the Slime Pits.
 24708 | Lair:6   | Found a viscous altar of Jiyva.
 24799 | Lair:6   | Found a runed translucent door.
 25358 | Lair:6   | Reached skill level 12 in Fire Magic
 25981 | Lair:6   | Gained mutation: Your body sometimes deteriorates upon
                  | taking damage. [potion of mutation]
 25986 | Lair:6   | Offered knowledge of Lightning Bolt by Vehumet.
 26748 | Lair:1   | Lost mutation: Your body sometimes deteriorates upon taking
                  | damage. [potion of mutation]
 26748 | Lair:1   | Gained mutation: You occasionally shout uncontrollably at
                  | your foes. [potion of mutation]
 26748 | Lair:1   | Gained mutation: You possess an exceptional clarity of
                  | mind. [potion of mutation]
 26748 | Lair:1   | Gained mutation: Your spells are a little harder to cast,
                  | but a little more powerful. [potion of mutation]
 27123 | D:12     | Found a staircase to the Orcish Mines.
 27586 | D:12     | Noticed Sonja
 27588 | D:12     | Killed Sonja
 28038 | D:12     | Reached skill level 10 in Translocations
 28254 | D:12     | Identified the +0 pair of gloves of the Realm of Zot {rF+
                  | Str+3}
 29195 | Orc:1    | Entered Level 1 of the Orcish Mines
 29196 | Orc:1    | Acquired a +2 kite shield of protection
 29197 | Orc:1    | Noticed an orc warlord
 29203 | Orc:1    | Killed an orc warlord
 29235 | D:12     | Reached XP level 15. HP: 65/90 MP: 6/27
 30448 | Orc:1    | Found a transporter.
 30448 | Orc:1    | Noticed Nikola2751's ghost (journeyman GrFi)
 30449 | Orc:1    | Found a transporter.
 30584 | Orc:2    | Entered Level 2 of the Orcish Mines
 30584 | Orc:2    | Found a staircase to the Elven Halls.
 31482 | Orc:2    | Reached ****** piety under Vehumet
 31670 | Orc:2    | Found Etrydoll's Magic Scroll Shoppe.
 31693 | Orc:2    | Found Viqavil's Book Emporium.
 31712 | Orc:2    | Noticed Nergalle
 31716 | Orc:2    | Killed Nergalle
 31719 | Orc:2    | Reached skill level 5 in Shields
 31800 | Orc:2    | Found an ancient bone altar of Kikubaaqudgha.
 31905 | Orc:2    | Noticed Erolcha
 31907 | Orc:2    | Killed Erolcha
 32014 | Orc:2    | Reached skill level 13 in Fire Magic
 32074 | Orc:2    | Found Nutiqapt's Antique Armour Shoppe.
 32089 | Orc:2    | Found Paastriuf's Book Shoppe.
 32116 | Orc:2    | Found a radiant altar of Vehumet.
 32349 | Orc:2    | Bought a Grand Grimoire for 476 gold pieces
 32358 | Orc:2    | Bought a pair of runed boots for 202 gold pieces
 32391 | Orc:2    | Bought the Unrestrained Analects for 704 gold pieces
 32701 | Lair:1   | Learned a level 3 spell: Call Canine Familiar
 32731 | D:11     | Bought a manual of Summonings for 1280 gold pieces
 33080 | D:13     | Reached skill level 1 in Summonings
 33233 | D:13     | Noticed Nessos
 33238 | D:13     | Killed Nessos
 33516 | D:13     | Noticed Josephine
 33519 | D:13     | Killed Josephine
 35258 | D:14     | Learned a level 6 spell: Starburst
 35354 | D:14     | Offered knowledge of Spellforged Servitor by Vehumet.
 35355 | D:14     | Reached skill level 5 in Summonings
 35482 | D:14     | Found a gate to the Vaults.
 35906 | D:14     | You fall into a shaft and drop 1 floor!
 35906 | D:15     | Entered Level 15 of the Dungeon
 36439 | D:14     | Noticed Frances
 36449 | D:14     | Killed Frances
 36635 | D:14     | Gained mutation: You have sharp fingernails. [demonic
                  | ancestry]
 36635 | D:14     | Reached XP level 16. HP: 96/96 MP: 18/29
 37775 | D:15     | Reached skill level 10 in Spellcasting
 37882 | D:15     | Found a staircase to the Depths.
 38505 | Shoals:1 | Entered Level 1 of the Shoals
 39436 | Shoals:1 | Identified the +0 ring mail of Itwamiq {Int+3}
 39443 | Shoals:1 | Got the Grimoire of Frigorific Stones
 39947 | Shoals:2 | Learned a level 8 spell: Ignition
 39959 | Shoals:2 | Reached skill level 14 in Fire Magic
 40256 | Shoals:2 | Noticed Jorgrun
 40603 | Shoals:2 | Killed Jorgrun
 40695 | Shoals:2 | Reached skill level 10 in Summonings
 41882 | Shoals:3 | Offered knowledge of Eringya's Noxious Bog by Vehumet.
 41958 | Shoals:3 | Reached XP level 17. HP: 101/101 MP: 6/31
 42825 | Shoals:4 | Entered Level 4 of the Shoals
 43545 | Shoals:4 | Reached skill level 10 in Shields
 43689 | Shoals:4 | Reached skill level 15 in Fire Magic
 44117 | Shoals:4 | Offered knowledge of Lee's Rapid Deconstruction by Vehumet.
 44990 | Shoals:4 | Noticed a kraken
 45029 | Shoals:4 | Killed a kraken
 45082 | Shoals:4 | Got a barnacled rune of Zot
 45539 | Spider:1 | Entered Level 1 of the Spider Nest
 45979 | Spider:1 | Offered knowledge of Iskenderun's Battlesphere by Vehumet.
 46280 | Spider:1 | Gained mutation: You have claws for feet. [demonic
                  | ancestry]
 46280 | Spider:1 | Reached XP level 18. HP: 107/107 MP: 22/32
 48384 | Spider:3 | Noticed Donald
 48467 | Spider:3 | Killed Donald
 48958 | Spider:3 | Reached skill level 16 in Fire Magic
 49566 | Spider:4 | Entered Level 4 of the Spider Nest
 49580 | Spider:4 | Offered knowledge of Orb of Destruction by Vehumet.
 49755 | Spider:4 | Noticed Roxanne
 50745 | Spider:4 | Found a runed translucent door.
 50745 | Spider:4 | Noticed Qyzxaef's ghost (journeyman DrTm)
 51676 | Spider:4 | Identified the +7 flail "Ximir" {freeze, Fly rElec rPois
                  | Str+3}
 51969 | Spider:4 | Got Barikiad's Grimoire of Unholy Arts
 52026 | Spider:4 | Offered knowledge of Lehudib's Crystal Spear by Vehumet.
 52026 | Spider:4 | Offered knowledge of Fire Storm by Vehumet.
 52026 | Spider:4 | Offered knowledge of Chain Lightning by Vehumet.
 53513 | Spider:4 | Got a gossamer rune of Zot
 53623 | Spider:4 | Gained mutation: You regenerate a lot of health from kills.
                  | [demonic ancestry]
 53623 | Spider:4 | Reached XP level 19. HP: 102/112 MP: 9/33
 53971 | Lair:1   | Upgraded the game from 0.28-a0-384-g9e0c098162 to
                  | 0.28-a0-390-gb254ac4902
 54132 | Depths:1 | Entered Level 1 of the Depths
 54538 | Depths:1 | Found a gateway to Hell.
 54692 | Depths:1 | Found Hidumif's Jewellery Boutique.
 54693 | Depths:1 | Found Bysoigoh's Book Emporium.
 54694 | Depths:1 | Found Lecvupha's Jewellery Boutique.
 55256 | Depths:1 | Found a hide-covered altar of Uskayaw.
 55365 | Depths:1 | Found a one-way gate to the infinite horrors of the Abyss.
 55610 | Depths:1 | Learned a level 7 spell: Malign Gateway
 56410 | Depths:2 | Paralysed by a great orb of eyes for 4 turns
 56410 | Depths:2 | HP: 5/105 [frost giant (20)]
 56410 | Depths:2 | HP: 2/105 [frost giant (3)]
 56411 | Depths:2 | Killed from afar by a frost giant

Illustrated notes

Levels and vault maps discovered:
D:1:      dpeg_arrival_morbid_curiosity, layout_basic
D:2:      layout_rooms, minmay_misc_feat_columns, uniq_natasha, uniq_jessica,
          uniq_sigmund
D:3:      layout_loops_corners, slow_altar_1, ebering_ghost_disaster_area,
          shapermc_ecumenical_altar_totnotflames, serial_shops, shop,
          shop_statue, shop, nicolae_lakefront_shop
D:4:      layout_loops_ring, mainiacjoe_overflow_six_doors_small,
          mainiacjoe_overflow_surrounded_room, lemuel_round_altar,
          nicolae_overflow_crystal_walls, uniq_blork_the_orc
D:5:      layout_basic, gammafunk_temple_overflow_wave, st_stairs_13,
          interstate_on_off, nicolae_alphabet_shops,
          hangedman_abyss_or_decor_stagger, kennysheep_generic_room_9,
          uniq_pikel
D:6:      layout_loops_ring, hangedman_abyss_or_decor_passed,
          minmay_shop_enchanted_jewellery, grunt_decor_arrowhead,
          minmay_crystal_room, kennysheep_generic_room_13, uniq_eustachio
D:7:      layout_rooms, fedhas_ov_isle_minmay, mainiacjoe_overflow_catwalk,
          minmay_temple_entry_glass, gammafunk_ghost_arena, uniq_duvessa
D:8:      layout_gridville, pdpol_temple_overflow_zin_treasury_gozag_greed,
          gammafunk_ghost_mausoleum, minmay_quadrilaterals, uniq_maurice,
          uniq_harold, uniq_psyche
D:9:      layout_loops_ring, serial_aquarium, aquarium_bridge_straight
          [aquarium_subvault_bridge, aquarium_subvault_wall,
          aquarium_subvault_bridge, aquarium_subvault_window],
          aquarium_bridge_long_separate [aquarium_subvault_bridge,
          aquarium_subvault_balcony, aquarium_subvault_window,
          aquarium_subvault_wall, aquarium_subvault_bridge,
          aquarium_subvault_window], aquarium_window_corner, aquarium_window_1,
          aquarium_view_2d, hangedman_minor_gate_pass
D:10:     layout_loops_ring
D:11:     layout_gridville, dpeg_oklobed_lair, gammafunk_ghost_icy,
          enter_bailey_2, nicolae_shop_self_help
D:12:     minmay_the_grid_square_5x5_3x3 [minmay_the_grid_square_5x5_lines,
          minmay_the_grid_square_5x5_checkered,
          minmay_the_grid_square_5x5_moneybag,
          minmay_the_grid_square_5x5_corner,
          minmay_the_grid_square_5x5_megaprize_diamond,
          minmay_the_grid_square_5x5_misaligned, minmay_the_grid_square_5x5_tie,
          minmay_the_grid_square_5x5_n_small, minmay_the_grid_square_5x5_comb],
          layout_basic, kennysheep_generic_room_3, uniq_sonja
D:13:     gargoyle_guard, layout_gridville, kennysheep_decorative_pillar,
          kennysheep_big_empty_room, uniq_nessos, uniq_josephine
D:14:     layout_stronghold, erik_vaults_2, chequers_serial_rivers_small_3,
          chequers_serial_rivers_room_a, uniq_frances
D:15:     grunt_enter_depths_snipers, layout_basic, serial_bayou_crossing
Temple:   minmay_temple_curvy_loop
Lair:1:   layout_regular_city, infiniplex_staircase_pool_2
Lair:2:   layout_chaotic_city, minmay_shoals_entry_centaurs,
          beast_lair_carwin_2, grunt_megastairs_5
Lair:3:   layout_roguey, nicolae_spider_entry_non_spiders, grunt_megastairs_4
Lair:4:   layout_roguey [special_room_mythical_zoo]
Lair:5:   layout_cave_shapes
Lair:6:   wormcave, layout_misc_corridors, guppyfry_lair_end_dragon,
          slime_altar_1, gauntlet_entry_generic, chequers_serial_rivers_micro_e
Shoals:1: layout_shoals
Shoals:2: nicolae_shoals_island_circles, layout_shoals, uniq_jorgrun
Shoals:3: layout_shoals, nicolae_shoals_enchanted_isle
Shoals:4: shoals_end_hangedman, layout_shoals, nicolae_shoals_land_atoll,
          nicolae_shoals_loop_pool
Spider:1: layout_spider_delve
Spider:2: layout_spider_delve
Spider:3: layout_spider_delve, nicolae_spider_scorpion_nest, uniq_donald
Spider:4: guppyfry_spider_rune, ebering_ghost_reflecting_pool, uniq_roxanne
Orc:1:    nicolae_orc_accident_3, layout_caves, gammafunk_ghost_smash,
          elves_outpost_lemuel
Orc:2:    kennysheep_orc_mage_school, layout_diamond_mine, nooodl_orcs_dogs
Depths:1: layout_cross, abyss_entry, hell_entry, nicolae_uskayaw_suspiria,
          grunt_megastairs_2, minmay_shop_grove
Depths:2: kennysheep_room_grid, layout_long_grid, enter_ziggurat_a, abyss_entry,
          roderic_lattice_a, serial_shops, shop, pf_hell_entry_great_geh,
          kiku_gazebo_garden_becter

Skill      XL: |  1  2  3  4  5  6  7  8  9 10 11 12 13 14 15 16 17 18 |
---------------+-------------------------------------------------------+-----
Dodging        | 2 3 5 6 7 8 |  8.8
Fire Magic     | 3 4 5 6 7 8 9 10 11 12 13 14 15 16 | 16.7
Conjurations   | 2 3 4 5 7 8 9 11 12 13 | 13.7
Spellcasting   | 3 5 6 7 8 9 10 | 10.4
Shields        | 2 3 4 6 9 11 12 | 12.8
Translocations | 2 5 7 9 10 11 | 11.5
Armour         | 3 6 8 |  8.1
Summonings     | 6 11 13 14 | 14.9
Stealth        | |  1.7

Action                   |  1- 3 |  4- 6 |  7- 9 | 10-12 | 13-15 | 16-18 | 19-21 || total
-------------------------+-------+-------+-------+-------+-------+-------+-------++-------
Melee: Staff             |       |       |     2 |    36 |    83 |   105 |     2 ||   228
       Headbutt          |       |       |       |     5 |    16 |    20 |       ||    41
       Kick              |       |       |       |       |       |    13 |     2 ||    15
       Double sword      |       |       |       |       |       |     6 |     2 ||     8
Throw: Javelin           |       |     2 |       |       |       |       |       ||     2
       Throwing net      |       |       |       |     1 |     5 |     4 |       ||    10
       Dart              |       |       |       |       |     4 |     5 |     3 ||    12
 Cast: Foxfire           |    51 |    76 |   126 |   160 |    99 |       |       ||   512
       Scorch            |       |    10 |    13 |    18 |    11 |       |       ||    52
       Sticky Flame      |       |       |    19 |    77 |   115 |   159 |     9 ||   379
       Fireball          |       |       |     2 |    70 |   245 |   378 |    39 ||   734
       Iskenderun's Myst |       |       |       |    11 |    85 |    58 |    12 ||   166
       Call Canine Famil |       |       |       |       |     4 |    34 |     2 ||    40
       Starburst         |       |       |       |       |       |     2 |       ||     2
       Ignition          |       |       |       |       |       |    10 |     4 ||    14
       Malign Gateway    |       |       |       |       |       |       |     4 ||     4
Evoke: Wand              |       |       |     9 |    21 |    18 |    38 |       ||    86
       Phantom mirror    |       |       |       |       |     1 |     3 |       ||     4
  Use: Scroll            |     2 |     4 |     2 |     6 |    12 |    14 |     2 ||    42
       Potion            |       |       |     1 |     1 |    12 |     8 |     1 ||    23
 Stab: Distracted        |       |       |       |       |       |     1 |       ||     1
Armor: Robe              |     1 |     8 |    10 |     7 |       |       |       ||    26
       Acid dragon scale |       |       |       |    22 |    70 |   153 |     2 ||   247
Dodge: Dodged            |     1 |     9 |    57 |    84 |   152 |   296 |     9 ||   608
Block: Buckler           |       |       |    20 |   101 |   144 |   301 |    26 ||   592
       Reflection        |       |       |       |    13 |    11 |    16 |       ||    40

Table legend: (Time is in decaauts)
 A = Elapsed time spent in this place.
 B = Non-inter-level travel time spent in this place.
 C = Inter-level travel time spent in this place.
 D = Time resting spent in this place.
 E = Time spent auto-exploring this place.
 F = Levels seen in this place.
 G = Mean time per level.
                   A        B        C        D        E       F      G
               +--------+--------+--------+--------+--------+-----+--------+
         Total |  57048 |  53086 |   3962 |  18354 |  24516 |  35 | 1629.9 |
       Dungeon |  24800 |  22390 |   2410 |   6512 |  12268 |  15 | 1653.3 |
        Temple |    181 |    134 |     47 |      0 |    128 |   1 |  181.0 |
          Lair |  11217 |  10447 |    770 |   3221 |   5492 |   6 | 1869.5 |
        Shoals |   7152 |   6885 |    267 |   2824 |   1936 |   4 | 1788.0 |
   Spider Nest |   8030 |   7809 |    221 |   3875 |   2481 |   4 | 2007.5 |
  Orcish Mines |   3137 |   2938 |    199 |    808 |   1399 |   2 | 1568.5 |
        Depths |   2096 |   2050 |     46 |    875 |    775 |   2 | 1048.0 |
        Bailey |    432 |    432 |      0 |    238 |     36 |   1 |  432.0 |
               +--------+--------+--------+--------+--------+-----+--------+

Top non-repeatable levels by time:
Spider:4: 3941 daAuts
  Lair:6: 2590 daAuts
    D:13: 2570 daAuts
    D:12: 2534 daAuts
    D:11: 2287 daAuts
  Lair:5: 2263 daAuts
Shoals:4: 2250 daAuts
Shoals:3: 2015 daAuts
     D:9: 1956 daAuts
Depths:1: 1944 daAuts
   Orc:2: 1941 daAuts
  Lair:3: 1792 daAuts
     D:6: 1755 daAuts
    D:14: 1723 daAuts
  Lair:4: 1686 daAuts
